 Dungeon Crawl Stone Soup version 0.27-a0-1324-ge0d8e047f6 (webtiles) character file.

Game seed: 10935557058925067373

2827 Froggeryz the Slicer (level 9, -12/84 HPs)
             Began as an Octopode Berserker on June 23, 2021.
             Was a High Priest of Trog.
             Mangled by a warg (14 damage)
             ... on level 8 of the Dungeon.
             The game lasted 00:06:37 (7685 turns).

Froggeryz the Slicer (Octopode Berserker)           Turns: 7685, Time: 00:06:38

Health: -12/84     AC:  1    Str: 16    XL:     9   Next: 73%
Magic:  9/9        EV: 20    Int: 10    God:    Trog [*****.]
Gold:   351        SH:  0    Dex: 14    Spells: 8/8 levels left

rFire    . . .     SeeInvis .   a - +0 short sword
rCold    . . .     Faith    +   (no shield)
rNeg     . . .     Spirit   .   (helmet restricted)
rPois    .         Reflect  .   p - amulet of faith
rElec    .         Harm     .   k - +4 ring of evasion
rCorr    .         Rampage  .   (no ring)
Will     ++...                  (no ring)
Stlth    ..........             (no ring)
HPRegen  1.24/turn              (no ring)
MPRegen  0.11/turn              (no ring)
                                (no ring)
                                (no ring)

@: berserking, strong-willed, regenerating, very quick
A: almost no armour, amphibious, 8 rings, camouflage 1, gelatinous body 1,
(nimble swimmer 1), tentacles
a: Renounce Religion, Berserk, Trog's Hand, Brothers in Arms


You were on level 8 of the Dungeon.
You worshipped Trog.
Trog was extremely pleased with you.
You visited 1 branch of the dungeon, and saw 8 of its levels.

You collected 351 gold pieces.

Inventory:

Hand Weapons
 a - a +0 short sword (weapon)
 e - a +0 rapier
Missiles
 l - 20 boomerangs (quivered)
 z - 3 throwing nets
Jewellery
 k - a +4 ring of evasion (left tentacle)
 p - an amulet of faith (around mantle)
 x - a +4 ring of evasion
Wands
 s - a wand of acid (10)
 t - a wand of paralysis (6)
Scrolls
 b - a scroll of noise {unknown}
 f - 4 scrolls of teleportation
 h - a scroll of fog {unknown}
 i - 3 scrolls of enchant weapon {unknown}
 m - a scroll of torment {unknown}
 n - a scroll of acquirement {unknown}
 v - 2 scrolls of fear
 w - a scroll of holy word {unknown}
 y - a scroll of enchant armour {unknown}
Potions
 c - 5 potions of curing
 d - a potion of berserk rage {unknown}
 g - 5 potions of flight {unknown}
 j - a potion of mutation {unknown}
 o - a potion of haste {unknown}
 q - a potion of ambrosia {unknown}
 r - a potion of heal wounds
 u - a potion of degeneration {unknown}


   Skills:
 - Level 3.0 Fighting
 * Level 11.0 Short Blades
 + Level 7.2 Dodging
 - Level 5.0 Stealth


You had 8 spell levels left.
You didn't know any spells.
Your spell library was empty.

Dungeon Overview and Level Annotations

Branches:
Dungeon (8/15)             Temple (0/1) D:4
   Lair: D:8-11

Altars:
Elyvilon
Trog

Shops:
D:1 ?


Innate Abilities, Weirdness & Mutations

You cannot wear most types of armour.
You are amphibious.
You can wear up to eight rings at the same time.
Your skin changes colour to match your surroundings (Stealth+).
Your rubbery body absorbs attacks. (AC +1, EV +1)
((You are camouflaged near water. (Stealth+)))
You have tentacles for arms and can constrict up to eight enemies at once.


Message History

The orc priest calls down the wrath of Beogh upon you.
Beogh smites you!
A wraith comes into view.
The orc priest suddenly roars.
You hear a howl!
A red film seems to cover your vision as you go berserk!
You feel yourself moving faster!
You feel mighty! The warg bites you!
The orc priest calls down the wrath of Beogh upon you.
Beogh smites you!
A warg comes into view.
The orc priest calls down the wrath of Beogh upon you.
Beogh smites you!
* * * LOW HITPOINT WARNING * * *
You miss the warg. The warg bites you!
* * * LOW HITPOINT WARNING * * *
The orc wizard casts a spell.
The orc wizard flickers and vanishes!
Deactivating autopickup; reactivate with Ctrl-A.
You puncture the warg! You squeeze the warg.
The warg is heavily wounded.
You closely miss the warg.
The warg is heavily wounded.
The warg barely misses you.
You puncture the orc priest! Your grab misses the orc priest.
The orc priest is severely wounded.
You hit the orc priest.
You kill the orc priest!
Trog accepts your kill.
You hit the warg.
The warg is lightly wounded.
You miss the warg.
The warg is heavily wounded.
The warg barely misses you. The warg bites you!
* * * LOW HITPOINT WARNING * * *
You barely miss the warg.
The warg is heavily wounded.
You puncture the warg!
The warg is severely wounded.
The warg closely misses you. The warg bites you!
You die...

#....###'##.#
#....# #.##.#
#....#
#.##.###
######
#......#
##.....#
#.....#
#.....#
#....[#
#....@#
#.†.ohho.o...
#.....o.h....
+..>..#......
#.....##.....
........##....
########.#
##.. .. ..


You could see 3 wargs, 2 orc priests and 2 orcs.

Vanquished Creatures
  Harold (D:8)
  Eustachio (D:5)
  An ice beast (D:7)
  A sky beast (D:6)
  2 ogres
  A centaur (D:7)
  Blork the orc (D:5)
  3 bullfrogs
  2 scorpions
  A water moccasin skeleton (D:6)
  2 howler monkeys
  3 wights (D:7)
  3 hounds
  5 jellies
  6 orc priests
  A bullfrog skeleton (D:5)
  2 iguanas
  Terence (D:3)
  6 orc wizards
  2 hound skeletons
  7 gnolls (D:6)
  A howler monkey skeleton (D:6)
  7 adders
  A shadow imp (D:7)
  2 dart slugs
  37 orcs
  4 ball pythons
  4 endoplasms
  2 giant cockroaches
  2 goblins
  4 hobgoblins
  4 jackals (D:1)
  3 quokkas
  3 bats
  5 kobolds
  2 rats
133 creatures vanquished.

Vanquished Creatures (others)
  15 plants
15 creatures vanquished.

Grand Total: 148 creatures vanquished

Notes
Turn   | Place    | Note
-------+----------+-------------------------------------------
     0 | D:1      | Froggeryz the Octopode Berserker began the quest for the
                  | Orb.
     0 | D:1      | Reached XP level 1. HP: 16/16 MP: 1/1
   439 | D:1      | Reached skill level 1 in Stealth
   439 | D:1      | Reached XP level 2. HP: 21/21 MP: 2/2
   758 | D:1      | Found Dilu Balu's Magic Scroll Emporium.
   779 | D:1      | Found a faded altar of an unknown god.
  1146 | D:2      | Found a bloodstained altar of Trog.
  1162 | D:2      | You fall into a shaft and drop 1 floor!
  1166 | D:3      | Noticed Terence
  1172 | D:2      | Reached XP level 3. HP: 25/26 MP: 3/3
  1316 | D:2      | Reached ** piety under Trog
  1479 | D:2      | Reached skill level 4 in Short Blades
  1835 | D:3      | Reached XP level 4. HP: 31/31 MP: 4/4
  2215 | D:3      | Killed Terence
  2746 | D:4      | Reached XP level 5. HP: 30/36 MP: 5/5
  2806 | D:4      | Reached skill level 5 in Short Blades
  2828 | D:4      | Reached XP level 6. HP: 25/42 MP: 6/6
  3028 | D:4      | Reached skill level 6 in Short Blades
  3225 | D:4      | Found a staircase to the Ecumenical Temple.
  3288 | D:4      | Reached skill level 5 in Stealth
  3891 | D:5      | Entered Level 5 of the Dungeon
  3912 | D:5      | Reached *** piety under Trog
  4185 | D:5      | Reached XP level 7. HP: 43/46 MP: 7/7
  4401 | D:5      | Found a white marble altar of Elyvilon.
  4427 | D:5      | Reached skill level 7 in Short Blades
  4812 | D:5      | Noticed Eustachio
  4819 | D:5      | Killed Eustachio
  4991 | D:5      | Reached skill level 8 in Short Blades
  4991 | D:5      | Reached XP level 8. HP: 20/52 MP: 8/8
  5222 | D:5      | Noticed Blork the orc
  5225 | D:5      | Killed Blork the orc
  5524 | D:6      | Reached skill level 5 in Dodging
  5563 | D:6      | Reached **** piety under Trog
  6066 | D:6      | Reached skill level 9 in Short Blades
  6553 | D:7      | Reached XP level 9. HP: 56/56 MP: 9/9
  7130 | D:7      | Reached ***** piety under Trog
  7131 | D:7      | Reached skill level 10 in Short Blades
  7492 | D:8      | Noticed Harold
  7502 | D:8      | Killed Harold
  7670 | D:8      | Reached skill level 11 in Short Blades
  7683 | D:8      | HP: 1/84 [warg (17)]
  7685 | D:8      | Mangled by a warg

Illustrated notes

Levels and vault maps discovered:
D:1:      roderic_chinese_lattice_arrival, layout_basic, serial_shops, shop,
          basic_ecumenical_altar
D:2:      layout_basic, basic_altar, amcnicky_mini_pool_small, moated_statue
D:3:      layout_loops_corners, serial_forest, infiniplex_forest_clump_cross,
          infiniplex_forest_clump_diagonal, infiniplex_forest_straight_3,
          infiniplex_forest_lined_2, infiniplex_forest_split,
          infiniplex_forest_zigzag_2, infiniplex_forest_straight_4,
          infiniplex_forest_lined_corner, serial_bayou_lagoon_b, uniq_terence
D:4:      layout_loops_ring, minmay_temple_entry_gardened_gates,
          chequers_serial_rivers_micro_b, amethyst_killhole
D:5:      layout_gridville, kennysheep_mini_moat, uniq_eustachio,
          uniq_blork_the_orc
D:6:      layout_rooms
D:7:      layout_basic, hangedman_abyss_or_decor_passed
D:8:      layout_basic, erik_lair_orcish_takeover, ebering_ghost_disaster_area,
          uniq_erica, uniq_harold

Skill      XL: |  1  2  3  4  5  6  7  8  9 |
---------------+----------------------------+-----
Stealth        | 1 2 3 4 5 |  5.0
Short Blades   | 4 5 6 8 9 11 | 11.0
Dodging        | 4 6 7 |  7.2
Fighting       | |  3.0

Action                   |  1- 3 |  4- 6 |  7- 9 || total
-------------------------+-------+-------+-------++-------
Melee: Short sword       |    61 |    79 |   218 ||   358
       Tentacles         |     9 |    21 |    53 ||    83
       Constrict         |    14 |    19 |    45 ||    78
Throw: Boomerang         |       |       |     4 ||     4
Invok: Berserk           |       |     4 |    10 ||    14
       Trog's Hand       |       |       |     1 ||     1
  Use: Scroll            |       |     1 |     3 ||     4
 Stab: Sleeping          |     9 |     3 |    11 ||    23
Armor: Skin              |     3 |     3 |     2 ||     8
Dodge: Dodged            |    33 |    45 |   128 ||   206

Table legend: (Time is in decaauts)
 A = Elapsed time spent in this place.
 B = Non-inter-level travel time spent in this place.
 C = Inter-level travel time spent in this place.
 D = Time resting spent in this place.
 E = Time spent auto-exploring this place.
 F = Levels seen in this place.
 G = Mean time per level.
                   A        B        C        D        E       F      G
               +--------+--------+--------+--------+--------+-----+--------+
         Total |   7721 |   7553 |    168 |   1156 |   5537 |   8 |  965.1 |
       Dungeon |   7721 |   7553 |    168 |   1156 |   5537 |   8 |  965.1 |
               +--------+--------+--------+--------+--------+-----+--------+

Top non-repeatable levels by time:
     D:5: 1419 daAuts
     D:4: 1366 daAuts
     D:1: 1098 daAuts
     D:3: 1095 daAuts
     D:7: 1084 daAuts
     D:6: 870 daAuts
     D:2: 549 daAuts
     D:8: 237 daAuts
